 Dungeon Crawl Stone Soup version 0.28.0-43-g3370ac3207 (webtiles) character file.

Game seed: 3300180986467107843

93 jimonade the Quickloader (level 4, -4/39 (41) HPs)
             Began as a Gnoll Wanderer on Mar 19, 2022.
             Slain by a hound (5 damage)
             ... on level 5 of the Dungeon.
             The game lasted 00:06:24 (2374 turns).

jimonade the Quickloader (Gnoll Wanderer)           Turns: 2374, Time: 00:06:25

HP:   -4/39 (41)    AC:  3    Str: 12    XL:     4   Next: 61%
MP:   8/8           EV:  8    Int: 10    God:
Gold: 76            SH:  0    Dex: 14    Spells: 8/9 levels left

rFire   . . .      SeeInvis .   a - +3 hand crossbow
rCold   . . .      Faith    .   (no shield)
rNeg    + . .      Spirit   .   c - +0 leather armour
rPois   .          Reflect  .   (no helmet)
rElec   .          Harm     .   (no cloak)
rCorr   .          Rampage  .   (no gloves)
Will    .....                   (no boots)
Stlth   +.........              (no amulet)
HPRegen 0.13/turn               l - ring of positive energy
MPRegen 0.11/turn               (no ring)

@: constricted, lightly drained
A: fangs 1, strong nose, distributed training
a: no special abilities


You were on level 5 of the Dungeon.
You visited 1 branch of the dungeon, and saw 4 of its levels.

You collected 76 gold pieces.

Inventory:

Hand Weapons
 a - a +3 hand crossbow (weapon)
 d - a +0 dagger
 g - a +0 spear
 q - a +0 short sword
Missiles
 b - 75 bolts (quivered ammo)
 h - 2 boomerangs of dispersal
 m - 26 sling bullets
 o - 5 boomerangs
 p - 29 stones
 s - 43 arrows
 t - 6 poisoned darts
Armour
 c - a +0 leather armour (worn)
 r - a +0 scale mail
Jewellery
 l - a ring of positive energy (left hand)
Scrolls
 e - a scroll of vulnerability {unknown}
 f - a scroll of summoning {unknown}
 j - a scroll of teleportation {unknown}
 u - a scroll of enchant armour {unknown}
Potions
 i - a potion of heal wounds {unknown}
 k - 2 potions of curing {unknown}
 n - a potion of berserk rage {unknown}


   Skills:
 + Level 6.6 Fighting
 + Level 1.2 Short Blades
 + Level 1.2 Long Blades
 + Level 1.2 Axes
 + Level 1.2 Maces & Flails
 + Level 1.2 Polearms
 + Level 1.2 Staves
 + Level 1.2 Slings
 + Level 1.2 Bows
 + Level 8.6 Crossbows
 + Level 2.8 Throwing
 + Level 1.2 Armour
 + Level 1.2 Dodging
 + Level 1.2 Stealth
 + Level 1.2 Shields
 + Level 1.2 Unarmed Combat
 + Level 3.0 Spellcasting
 + Level 2.2 Conjurations
 + Level 1.0 Hexes
 + Level 1.0 Summonings
 + Level 1.0 Necromancy
 + Level 1.0 Translocations
 + Level 1.0 Transmutations
 + Level 1.0 Fire Magic
 + Level 1.0 Ice Magic
 + Level 1.0 Air Magic
 + Level 1.0 Earth Magic
 + Level 1.0 Poison Magic
 + Level 1.3 Invocations
 + Level 1.2 Evocations


You had 8 spell levels left.
You knew the following spells:

 Your Spells              Type           Power      Damage    Failure   Level
a - Shock                 Conj/Air       16%        1d4       19%         1

Your spell library contained the following spells:

 Spells                   Type           Power      Damage    Failure   Level
 Animate Skeleton         Necr           6%         N/A       24%         1
 Conjure Flame            Conj/Fire      4%         6-21      50%         3
 Frozen Ramparts          Ice            6%         1d2       56%         3
 Ice Form                 Ice/Tmut       3%         N/A       93%         4
 Summon Ice Beast         Ice/Summ       3%         N/A       93%         4


Dungeon Overview and Level Annotations

Branches:
Dungeon (3/15)

Altars:
Qazlal
Vehumet

Portals:
Sewer: D:5

Annotations:
D:5 Blork the orc, Grinder


Innate Abilities, Weirdness & Mutations

You have very sharp teeth.
Your uncanny sense of smell can sniff out nearby items.
Your experience applies equally to all skills.


Message History

Aim: a jackal (heavily wounded, 66% to hit)
You shoot a bolt. The bolt hits the jackal!
You kill the jackal!
The hound bites you. The necrophage hits you. The hound bites you.
The ball python bites you. The ball python constricts you.
The jackal bites you but does no damage.
Unknown command.
Fire: 76 bolts
Press: ? - help, Q - select action, (/) - cycle Shift-Dir - straight line, f - hound
Aim: a hound (64% to hit)
You shoot a bolt. The bolt hits the hound!
The hound is almost dead.
The hound barely misses you. The ball python bites you.
The ball python constricts you. The jackal bites you. The necrophage hits you.
* * * LOW HITPOINT WARNING * * *
You partially resist.
You feel drained.
* * * LOW HITPOINT WARNING * * *
Blork the orc comes into view.
He is wielding a +1 vorpal scimitar.
The hound barely misses you. The jackal closely misses you.
The ball python bites you.
* * * LOW HITPOINT WARNING * * *
The ball python constricts you.
* * * LOW HITPOINT WARNING * * *
The necrophage hits you.
* * * LOW HITPOINT WARNING * * *
You partially resist.
You feel drained. The hound bites you.
* * * LOW HITPOINT WARNING * * *
Blork the orc gestures wildly while chanting.
Blork the orc seems to speed up.
The jackal bites you but does no damage.
The ball python bites you.
* * * LOW HITPOINT WARNING * * *
The ball python constricts you. The hound bites you.
* * * LOW HITPOINT WARNING * * *
The necrophage hits you but does no damage.
The jackal barely misses you.
Grinder says, "There's only one good use for a tongue: cutting it out."
You hear the slow rusting of a distant drain.
The hound bites you.
You die...

#............#
#............#
#............#
#.....5.#.####
#.......+.#
#.......###
#/...b..#
#...hSn.#
#####@### #h#
.o# ...o ≈≈≈≈≈
≈≈≈≈≈≈≈
≈≈≈≈≈≈≈≈
..........


You could see Grinder, Blork the orc (fast), a necrophage, a hound, an orc, a
jackal, a bat and a ball python.

Vanquished Creatures
  Terence (D:3)
  3 adders
  2 worms (D:2)
  3 bats
  3 endoplasms
  3 giant cockroaches
  3 goblins
  4 hobgoblins
  A jackal (D:5)
  2 kobolds (D:2)
  A quokka (D:2)
  3 ball pythons
  3 frilled lizards
  2 rats
34 creatures vanquished.

Vanquished Creatures (others)
  4 toadstools (D:1)
4 creatures vanquished.

Grand Total: 38 creatures vanquished

Notes
Turn   | Place    | Note
-------+----------+-------------------------------------------
     0 | D:1      | jimonade the Gnoll Wanderer began the quest for the Orb.
     0 | D:1      | jimonade set off with the following items: a +3 hand
                  | crossbow, 25 bolts, a +0 leather armour; and the following
                  | spell memorised: Shock; and the following spells available
                  | to memorise: Conjure Flame
     0 | D:1      | Reached XP level 1. HP: 23/23 MP: 4/4
   135 | D:1      | Reached XP level 2. HP: 29/29 MP: 5/5
   373 | D:1      | Found a faded altar of an unknown god.
   381 | D:1      | Got Plato's Disquisition on Black Magic
   607 | D:2      | Found a stormy altar of Qazlal.
   796 | D:2      | Reached XP level 3. HP: 31/35 MP: 7/7
  1083 | D:2      | Reached skill level 1 in Invocations
  1261 | D:2      | Reached skill level 1 in Short Blades
  1261 | D:2      | Reached skill level 1 in Long Blades
  1261 | D:2      | Reached skill level 1 in Axes
  1261 | D:2      | Reached skill level 1 in Maces & Flails
  1261 | D:2      | Reached skill level 1 in Polearms
  1261 | D:2      | Reached skill level 1 in Staves
  1261 | D:2      | Reached skill level 1 in Slings
  1261 | D:2      | Reached skill level 1 in Bows
  1261 | D:2      | Reached skill level 1 in Armour
  1261 | D:2      | Reached skill level 1 in Dodging
  1261 | D:2      | Reached skill level 1 in Stealth
  1261 | D:2      | Reached skill level 1 in Shields
  1261 | D:2      | Reached skill level 1 in Unarmed Combat
  1261 | D:2      | Reached skill level 1 in Evocations
  2027 | D:3      | Reached XP level 4. HP: 41/41 MP: 8/8
  2073 | D:3      | Noticed Terence
  2077 | D:3      | Killed Terence
  2078 | D:3      | Reached skill level 1 in Hexes
  2078 | D:3      | Reached skill level 1 in Summonings
  2078 | D:3      | Reached skill level 1 in Necromancy
  2078 | D:3      | Reached skill level 1 in Translocations
  2078 | D:3      | Reached skill level 1 in Transmutations
  2078 | D:3      | Reached skill level 1 in Fire Magic
  2078 | D:3      | Reached skill level 1 in Ice Magic
  2078 | D:3      | Reached skill level 1 in Air Magic
  2078 | D:3      | Reached skill level 1 in Earth Magic
  2078 | D:3      | Reached skill level 1 in Poison Magic
  2324 | D:3      | You fall into a shaft and drop 2 floors!
  2324 | D:5      | Entered Level 5 of the Dungeon
  2324 | D:5      | Noticed Grinder
  2324 | D:5      | Noticed a necrophage
  2330 | D:5      | Paralysed by Grinder for 6 turns
  2342 | D:5      | Found a glowing drain.
  2343 | D:5      | Found a radiant altar of Vehumet.
  2371 | D:5      | Noticed Blork the orc
  2373 | D:5      | HP: 1/39 [hound (1)]
  2374 | D:5      | Slain by a hound

Illustrated notes

Levels and vault maps discovered:
D:1:      ldierk_water_garden, layout_rooms,
          shapermc_ecumenical_altar_rom_forum, dk_noncrumbling_2
D:2:      layout_basic, basic_altar
D:3:      layout_loops_corners, minitemple, chei_slow_surprise,
          gammafunk_ghost_mausoleum, minmay_lizard_king, uniq_terence
D:5:      lemuel_castle_with_subvaults [lemuel_castle_interior_carwin_2],
          layout_basic, mainiacjoe_overflow_boulevard,
          cheibrodos_sewer_entry_sluice, uniq_blork_the_orc, uniq_grinder

Skill      XL: |  1  2  3  4 |
---------------+-------------+-----
Conjurations   | 2 |  2.2
Invocations    | 1 |  1.3
Short Blades   | 1 |  1.2
Long Blades    | 1 |  1.2
Axes           | 1 |  1.2
Maces & Flails | 1 |  1.2
Polearms       | 1 |  1.2
Staves         | 1 |  1.2
Slings         | 1 |  1.2
Bows           | 1 |  1.2
Armour         | 1 |  1.2
Dodging        | 1 |  1.2
Stealth        | 1 |  1.2
Shields        | 1 |  1.2
Unarmed Combat | 1 |  1.2
Evocations     | 1 |  1.2
Spellcasting   | 3 |  3.0
Hexes          | 1 |  1.0
Summonings     | 1 |  1.0
Necromancy     | 1 |  1.0
Translocations | 1 |  1.0
Transmutations | 1 |  1.0
Fire Magic     | 1 |  1.0
Ice Magic      | 1 |  1.0
Air Magic      | 1 |  1.0
Earth Magic    | 1 |  1.0
Poison Magic   | 1 |  1.0
Fighting       | |  6.6
Crossbows      | |  8.6
Throwing       | |  2.8

Action                   |  1- 3 |  4- 6 || total
-------------------------+-------+-------++-------
 Fire: Hand crossbow     |    53 |    10 ||    63
Armor: Leather armour    |     6 |    22 ||    28
Dodge: Dodged            |    14 |    31 ||    45
